 Dungeon Crawl Stone Soup version 0.16-a0-3308-g116f5c4 (webtiles) character file.

111 Kemay the Insei (level 4, 0/28 HPs)
             Began as an Octopode Transmuter on Dec 26, 2014.
             Succumbed to an adder's poison
             ... on level 2 of the Dungeon.
             The game lasted 00:05:11 (2336 turns).

Kemay the Insei (Octopode Transmuter)               Turns: 2336, Time: 00:05:12

Health: 0/28       AC:  1    Str:  9    XL:     4   Next: 92%
Magic:  7/7        EV: 13    Int: 16    God:
Gold:   83         SH:  0    Dex: 12    Spells: 1 memorised, 6 levels left

rFire  + . .     SeeInvis .     c - +4 dagger
rCold  + . .     Clarity  .     (no shield)
rNeg   . . .     SustAb   +     (helmet restricted)
rPois  +         Gourm    .     (no amulet)
rElec  +         Spirit   .     f - ring of sustain abilities
rCorr  +         Warding  .     (no ring)
rMut   .         Stasis   .     (no ring)
MR     .....                    (no ring)
Stlth  ++........               (no ring)
                                (no ring)
                                (no ring)
                                (no ring)

@: lethally poisoned, resistant, not resistant to hostile enchantments,
unstealthy
A: almost no armour, amphibious, 8 rings, constrict 8, camouflage 1, gelatinous
body 1
a: no special abilities


You were on level 2 of the Dungeon.
You were hungry.

You visited 1 branch of the dungeon, and saw 2 of its levels.

You collected 83 gold pieces.

Inventory:

Hand weapons
 c - a +4 dagger (weapon)
Jewellery
 f - a ring of sustain abilities (left tentacle)
Magical devices
 b - a wand of confusion (4)
Potions
 e - a potion of cure mutation
 i - 2 potions of agility
Books
 d - a book of Changes

   Spells                             Type                      Level
   a - Beastly Appendage              Transmutation                1
   b - Sticks to Snakes               Transmutation                2
   c - Spider Form                    Transmutation/Poison         3
   d - Ice Form                       Ice/Transmutation            4
   e - Blade Hands                    Transmutation                5
Comestibles
 a - 3 bread rations
 g - a beef jerky
 j - 4 chunks of flesh
 k - a meat ration
 l - a royal jelly


   Skills:
 - Level 1.0 Fighting
 + Level 3.7 Dodging
 + Level 4.4 Unarmed Combat
 - Level 2.0 Spellcasting
 - Level 2.0 Transmutations


You had 6 spell levels left.
You knew the following spells:

 Your Spells              Type           Power        Failure   Level  Hunger
a - Beastly Appendage     Trmt           #.....       10%         1    #......


Dungeon Overview and Level Annotations

Branches:
Dungeon (2/15)

Altars:
Makhleb


Innate Abilities, Weirdness & Mutations

You cannot wear most types of armour.
You are amphibious.
You can wear up to eight rings at the same time.
You can use your tentacles to constrict many enemies at once.
Your skin changes colour to match your surroundings (Stealth).
Your rubbery body absorbs attacks (AC +1).


Message History

It was a potion of resistance.
You feel protected.
* * * LOW HITPOINT WARNING * * *
You feel sick.
Your transformation is almost over.
* * * LOW HITPOINT WARNING * * *
You feel sick.
* * * LOW HITPOINT WARNING * * *
You feel sick.
* * * LOW HITPOINT WARNING * * *
You feel sick.
Drink which item? (? for menu, Esc to quit)
Okay, then.
* * * LOW HITPOINT WARNING * * *
You feel sick.
Some of the chunks of flesh in your inventory have rotted away.
Your tentacle spike disappears.
* * * LOW HITPOINT WARNING * * *
You feel sick.
You die...

..........#
..........#
..........#
..........#
....(.....#
..........#
..........# #
..........#
#.############
..........#
#..@.........#
..........#
###########.##
##'#..#######
#.#
#...........#
#.#
#...........#
#.#
#...........#
#.#
#...........#
#.#
#...........#
#.#
#...........#
#.#


There were no monsters in sight!

Vanquished Creatures
  A hound (D:2)
  Ijyb (D:2)
  An adder (D:2)
  A giant mite (D:1)
  2 worms (D:2)
  A giant gecko (D:2)
  An ooze (D:1)
  A ball python (D:1)
  A giant cockroach (D:2)
  6 goblins
  4 hobgoblins
  A jackal (D:2)
  4 kobolds
  8 bats
  2 giant newts
  6 rats
41 creatures vanquished.

Notes
Turn   | Place    | Note
--------------------------------------------------------------
     0 | D:1      | Kemay, the Octopode Transmuter, began the quest for the Orb.
     0 | D:1      | Reached XP level 1. HP: 13/13 MP: 3/3
   190 | D:1      | Reached XP level 2. HP: 11/18 MP: 1/4
   791 | D:1      | Reached XP level 3. HP: 23/23 MP: 6/6
  1242 | D:2      | Found a burning altar of Makhleb.
  1264 | D:2      | Reached skill level 4 in Unarmed Combat
  1264 | D:2      | Reached XP level 4. HP: 6/28 MP: 5/7
  1630 | D:2      | Noticed Ijyb
  1646 | D:2      | Killed Ijyb
  2332 | D:2      | HP: 1/28 [poisoned by an adder]
  2336 | D:2      | Succumbed to an adder's poison

Action                   |  1- 3 |  4- 6 || total
-------------------------+-------+-------++-------
Melee: Unarmed           |    56 |    32 ||    88
       Dagger            |       |    11 ||    11
 Cast: Beastly Appendage |     4 |     3 ||     7
 Abil: End Transformatio |     1 |       ||     1
  Use: Scroll            |     4 |     2 ||     6
       Potion            |       |     2 ||     2
 Stab: Sleeping          |     7 |     1 ||     8
       Distracted        |     1 |       ||     1
  Eat: Chunk             |     1 |     3 ||     4
